 Dungeon Crawl Stone Soup version 0.29.1-12-g30fa7ad0bf (webtiles) character file.

Game seed: 10277680934786879336

18 112233 the Gusty (level 2, -3/11 HPs)
             Began as a Felid Air Elementalist on Dec 24, 2022.
             Slain by a gnoll
             ... wielding a +0 flail
              (12 damage)
             ... on level 1 of the Dungeon.
             The game lasted 00:01:06 (757 turns).

112233 the Gusty (Felid Air Elementalist)            Turns: 757, Time: 00:01:06

Health: -3/11      AC:  1    Str:  4    XL:     2   Next: 51%
Magic:  4/6        EV: 17    Int: 16    God:
Gold:   43         SH:  0    Dex: 16    Spells: 2/5 levels left
                                        Lives:  0   Deaths: 0

rFire   . . .      SeeInvis +   (weapon unavailable)
rCold   . . .      Faith    .   (shield unavailable)
rNeg    . . .      Spirit   .   (body armour unavailable)
rPois   .          Reflect  .   (helmet unavailable)
rElec   .          Harm     .   (cloak unavailable)
rCorr   .          Rampage  .   (gloves unavailable)
Will    .....                   (boots unavailable)
Stlth   ++........              (no amulet)
HPRegen 0.03/turn               (no ring)
MPRegen 0.10/turn               (no ring)

@: quick
A: very small, claws 1, fangs 3, see invisible, speed 1, shaggy fur 1, stealthy
paws, no weapons or thrown items, no armour, multi-lived
a: no special abilities


You were on level 1 of the Dungeon.
You visited 1 branch of the dungeon, and saw 2 of its levels.

You collected 43 gold pieces.

Inventory:

Jewellery
 c - a ring of fire
Scrolls
 e - a scroll of identify {unknown}
Potions
 a - a potion of magic
 d - a potion of curing {unknown}


   Skills:
 - Level 2.6 Dodging
 - Level 2.6 Stealth
 - Level 2.0 Spellcasting
 - Level 0.8 Conjurations
 + Level 3.5 Air Magic


You had 2 spell levels left.
You knew the following spells:

 Your Spells              Type           Power      Damage    Failure   Level
a - Shock                 Conj/Air       32%        1d5       9%          1
b - Static Discharge      Conj/Air       8%         3-4/arc   13%         2

Your spell library contained the following spells:

 Spells                   Type           Power      Damage    Failure   Level
 Summon Small Mammal      Summ           4%         N/A       21%         1
 Swiftness                Air            13%        N/A       14%         3
 Airstrike                Air            6%         2d(1-17)  43%         4
 Call Canine Familiar     Summ           1%         N/A       52%         3
 Summon Guardian Golem    Hex/Summ       1%         N/A       52%         3


Dungeon Overview and Level Annotations

Branches:
Dungeon (2/15)

Altars:

Shops:
D:1 !

Annotations:
D:2 exclusion: upstairs


Innate Abilities, Weirdness & Mutations

You have sharp claws.
You have razor-sharp teeth.
You have supernaturally acute eyesight. (SInv)
You cover ground quickly. (Speed+)
You are covered in fur. (AC +1)
Your paws help you pounce on unaware monsters.
You are incapable of wielding weapons or throwing items.
You cannot wear armour.
You gain extra lives every three experience levels.


Message History

Aim: a gnoll, wielding a +0 flail and wearing a +0 chain mail (moderately wounded, 81% to hit)
The zap hits the gnoll but does no damage.
The gnoll is moderately wounded.
Casting: Shock (safe; 9% risk of failure)
Confirm with . or Enter, or press ? or * to list all spells.
Aiming: Shock (safe; 9% risk of failure)
Press: ? - help, Shift-Dir - straight line, f/p - gnoll
Aim: a gnoll, wielding a +0 flail and wearing a +0 chain mail (moderately wounded, 81% to hit)
The zap hits the gnoll but does no damage.
The gnoll is moderately wounded.
Unknown command.
You scratch the gnoll but do no damage. You bite the gnoll, but do no damage.
The gnoll is moderately wounded.
The gnoll misses you.
Casting: Shock (safe; 9% risk of failure)
Confirm with . or Enter, or press ? or * to list all spells.
Aiming: Shock (safe; 9% risk of failure)
Press: ? - help, Shift-Dir - straight line, f/p - gnoll
Aim: a gnoll, wielding a +0 flail and wearing a +0 chain mail (moderately wounded, 81% to hit)
The zap hits the gnoll.
The gnoll is moderately wounded.
The gnoll misses you.
You aren't carrying any items that you can evoke.
Unknown command.
It was a potion of ambrosia.
You are confused.
You feel invigorated.
Unknown command.
You're too confused to move!
The gnoll closely misses you.
You feel less invigorated.
You feel less confused.
Casting: Shock (safe; 9% risk of failure)
Confirm with . or Enter, or press ? or * to list all spells.
The gnoll is struck by an arc of lightning.
The gnoll is heavily wounded.
You are struck by an arc of lightning.
The lightning grounds out.
The gnoll misses you. The gnoll hits you with a +0 flail!
Ouch! That really hurt!
You die...

#........###.######
#..........#.....[##
..###.[............##
#..#................#
##..)...............#
>...................#
....................#
....................#
...............g@...#
...................##
...........#......##
..................##
...................#
................รท..#
.... ......(......#
.... ..........# ....
..........#


You could see a gnoll.

Vanquished Creatures
  A dart slug (D:1)
  3 goblins
  2 hobgoblins
  3 quokkas (D:1)
  3 ball pythons
  A frilled lizard (D:1)
  2 kobolds (D:1)
  A rat (D:1)
16 creatures vanquished.

Notes
Turn   | Place    | Note
-------+----------+-------------------------------------------
     0 | D:1      | 112233 the Felid Air Elementalist began the quest for the
                  | Orb.
     0 | D:1      | Reached XP level 1. HP: 7/7 MP: 4/4
    54 | D:1      | Found Huecurgh's Distillery.
   149 | D:1      | Reached skill level 3 in Air Magic
   434 | D:2      | Reached XP level 2. HP: 11/11 MP: 3/6
   663 | D:1      | Learned a level 2 spell: Static Discharge
   757 | D:1      | Slain by a gnoll

Illustrated notes

Levels and vault maps discovered:
D:1:      minmay_arrival_three_doors, layout_rooms,
          chequers_ecumenical_altar_island, serial_shops, nicolae_square_shop,
          minmay_misc_feat_hallway
D:2:      cheibrodos_greedy_goblins, layout_basic

Skill      XL: |  1 |
---------------+----+-----
Air Magic      | 3 |  3.5
Dodging        | |  2.6
Stealth        | |  2.6
Spellcasting   | |  2.0
Conjurations   | |  0.8

Action                   || total
-------------------------++-------
Melee: Unarmed           ||    11
       Bite              ||     3
 Cast: Shock             ||    46
       Static Discharge  ||     1
  Use: Potion            ||     1
Armor: Skin              ||     1
Dodge: Dodged            ||    10
